AoeStats
← Ivan

Black Forest

506416795Analyzed
1v1 RM · 18d ago on Sep 13, 2026· 58m 49s· 2 players
Game mode
Random Map
Map size
Tiny (2 player)
Population
200
Speed
Normal
Resources
Standard
Victory
Conquest
Starting age
Dark Age
Ending age
Imperial Age
RankedLock teamsTeams togetherTeam positionsShared explorationLock speedFull tech treeHidden civsTurbo modeCheats
Victory
Defeat
🇨🇿 Spanish · Czechia
531
+16
🇪🇸 Vikings · Spain
532
-16
Ivan
2:49 Loom
12:00 Feudal Age
12:24 Horse Collar
14:38 Double-Bit Axe
16:00 Wheelbarrow
18:58 Stone Mining
21:26 Castle Age
19:28 Stone Mining
20:31 Gold Mining
22:43 Heavy Plow
26:49 Bow Saw
27:03 Hand Cart
29:38 Padded Archer Armor
29:30 Fletching
35:14 Imperial Age
35:39 Man-at-Arms
36:05 Gambesons
36:22 Squires
36:35 Long Swordsman
39:22 Conscription
39:01 Two-Handed Swordsman
39:56 Scale Mail Armor
40:58 Leather Archer Armor
40:54 Forging
41:00 Chain Mail Armor
41:23 Town Watch
43:08 Ring Archer Armor
42:33 Bodkin Arrow
43:14 Iron Casting
43:28 Elite Conquistador
48:25 Champion
50:14 Inquisition
53:06 Plate Mail Armor
53:37 Blast Furnace
52:37 Bracer
53:25 Ballistics
53:23 Fortified Wall
53:28 Clinker Construction
53:31 Masonry
54:22 Chemistry
58:19 Murder Holes
58:55 Architecture
58:53 Bombard Tower
58:21 Arson
penejota
11:57 Feudal Age
13:19 Horse Collar
13:46 Double-Bit Axe
22:56 Castle Age
21:54 Forging
23:53 Crossbowman
23:57 Man-at-Arms
24:22 Gambesons
26:17 Long Swordsman
28:33 Elite Skirmisher
28:40 Pikeman
29:21 Squires
31:27 Bow Saw
31:21 Heavy Plow
36:26 Iron Casting
35:41 Fletching
35:52 Scale Mail Armor
35:58 Scale Barding Armor
35:54 Padded Archer Armor
37:45 Chieftains
40:32 Ballistics
46:11 Imperial Age
47:00 Leather Archer Armor
46:41 Bodkin Arrow
47:17 Conscription
47:01 Bogsveigar
46:42 Two-Handed Swordsman
47:25 Elite Berserk
48:19 Arbalester
Connection lost

Rejoining the realm…

Still unreachable

The connection could not be restored.

Session expired

The server has moved on; the page needs a fresh start.